 Dungeon Crawl Stone Soup version 0.28-a0-595-g9f6c0e134a (webtiles) character file.

Game seed: 7456255941164709347

59 lawman0 the Sneak (level 4, -2/35 HPs)
             Began as a Merfolk Delver on Oct 4, 2021.
             Was an Initiate of Fedhas.
             Slain by an orc (7 damage)
             ... on level 4 of the Dungeon.
             The game lasted 00:01:53 (697 turns).

lawman0 the Sneak (Merfolk Delver)                   Turns: 697, Time: 00:01:54

Health: -2/35      AC:  3    Str: 12    XL:     4   Next: 3%
Magic:  4/4        EV: 12    Int: 10    God:    Fedhas [......]
Gold:   0          SH:  0    Dex: 15    Spells: 3/3 levels left

rFire   + . .      SeeInvis .   a - +0 spear
rCold   . . .      Faith    .   (no shield)
rNeg    . . .      Spirit   .   b - +0 leather armour
rPois   .          Reflect  .   (no helmet)
rElec   .          Harm     .   (no cloak)
rCorr   .          Rampage  .   (no gloves)
Will    .....                   (no boots)
Stlth   +++.......              (no amulet)
HPRegen 0.11/turn               d - ring of protection from fire
MPRegen 0.09/turn               (no ring)

@: hasted, very quick
A: (nimble swimmer 2), mertail
a: Renounce Religion


You were on level 4 of the Dungeon.
You worshipped Fedhas.
Fedhas was noncommittal.
You visited 2 branches of the dungeon, and saw 3 of its levels.
You also visited: Sewer.

Inventory:

Hand Weapons
 a - a +0 spear (weapon)
Armour
 b - a +0 leather armour (worn)
Jewellery
 d - a ring of protection from fire (left hand)
Wands
 g - a wand of digging (3)
Scrolls
 c - 2 scrolls of fog
 e - a scroll of fear
 h - a scroll of amnesia {unknown}
 i - a scroll of blinking {unknown}
 j - a scroll of teleportation {unknown}
 l - a scroll of summoning {unknown}
Potions
 f - 4 potions of haste


   Skills:
 + Level 3.5 Fighting
 * Level 4.2 Polearms
 + Level 0.5 Armour
 + Level 2.9 Dodging
 + Level 6.2 Stealth


You had 3 spell levels left.
You didn't know any spells.
Your spell library was empty.

Dungeon Overview and Level Annotations

Branches:
Dungeon (5/15)             Temple (1/1) D:5           Sewer (visited)

Altars:
Ashenzari
Fedhas
Hepliaklqana
Makhleb
Nemelex Xobeh
Okawaru
Qazlal
Ru
Uskayaw
Wu Jian
Yredelemnul
The Shining One


Innate Abilities, Weirdness & Mutations

((You are quick and stealthy near water. (Stealth+, EV+, Speed+++)))
Your lower body shifts to a powerful aquatic tail in water.


Message History

The hound is severely wounded.
The hound barely misses you.
You hit the hound but do no damage.
The hound is severely wounded.
The orc hits you but does no damage. The orc closely misses you.
The orc wizard hits you with a +0 dagger.
The hound bites you.
You hit the hound.
The hound is severely wounded.
The orc hits you with a +0 hand axe.
You hit the hound.
You kill the hound!
Fedhas appreciates your contribution to the ecosystem.
The orc hits you with a +0 club.
* * * LOW HITPOINT WARNING * * *
The orc wizard hits you but does no damage.
Your Polearms skill increases to level 4!
You have reached level 4!
You barely miss the orc wizard.
The orc wizard gestures at you while chanting.
The puff of flame hits you. You resist.
* * * LOW HITPOINT WARNING * * *
There is a stone staircase leading down, spattered with blood here.
Unknown command.
Okay, then.
Reach: a) +0 spear
Press: ? - help, Dir - move target, f - orc
Aim: an orc, wielding a +0 club and wearing a +0 leather armour (about 36% to evade your +0 spear)
You reach to attack!
You barely miss the orc.
Unknown command.
Reach: a) +0 spear
Press: ? - help, Dir - move target, f/p - orc
Aim: an orc, wielding a +0 club and wearing a +0 leather armour (about 36% to evade your +0 spear)
The orc is in the way.
You hit the orc.
The orc is moderately wounded.
You hit the orc but do no damage.
The orc is moderately wounded.
The orc hits you with a +0 hand axe!
You die...
Fedhas appreciates your contribution to the ecosystem.

.[.## ...
#...##..#. .
##.......... ..
##.#.....<...
...##............
#................
#......oo........
#...oo........
##.###@...##.
...........#
.....#......#
.##. #......#
#..##.## ### .#
##


You could see an orc wizard and 3 orcs.

Vanquished Creatures
  A hound (D:4)
  2 adders (Sewer)
  A giant cockroach (D:4)
  4 ball pythons (Sewer)
  5 frilled lizards (Sewer)
13 creatures vanquished.

Notes
Turn   | Place    | Note
-------+----------+-------------------------------------------
     0 | D:5      | lawman0 the Merfolk Delver began the quest for the Orb.
     0 | D:5      | Reached XP level 1. HP: 18/18 MP: 1/1
    22 | D:5      | Found a staircase to the Ecumenical Temple.
    27 | Temple   | Entered the Ecumenical Temple
    93 | Temple   | Became a worshipper of Fedhas Madash
   129 | D:5      | Noticed an orc wizard
   136 | D:5      | Found a glowing drain.
   144 | Sewer    | Entered a sewer
   225 | Sewer    | Reached XP level 2. HP: 22/24 MP: 2/2
   313 | Sewer    | Reached skill level 6 in Stealth
   329 | Sewer    | Reached XP level 3. HP: 19/29 MP: 3/3
   692 | D:4      | Reached XP level 4. HP: 9/35 MP: 4/4
   697 | D:4      | Slain by an orc

Illustrated notes

Levels and vault maps discovered:
D:4:      layout_cave_pools
D:5:      layout_cave_pools, grunt_temple_overflow_octagram,
          minmay_temple_entry_butterflies, cheibrodos_sewer_entry_drain,
          uniq_crazy_yiuf_cottage
Temple:   nicolae_temple_x_marks_the_god

Skill      XL: |  1  2  3 |
---------------+----------+-----
Stealth        | 6 |  6.2
Polearms       | 4 |  4.2
Fighting       | |  3.5
Armour         | |  0.5
Dodging        | |  2.9

Action                   |  1- 3 |  4- 6 || total
-------------------------+-------+-------++-------
Melee: Spear             |    63 |     4 ||    67
       Tailslap          |     2 |       ||     2
  Use: Scroll            |     1 |       ||     1
       Potion            |     3 |       ||     3
 Stab: Sleeping          |     2 |       ||     2
Armor: Leather armour    |    15 |       ||    15
Dodge: Dodged            |    66 |       ||    66

Table legend: (Time is in decaauts)
 A = Elapsed time spent in this place.
 B = Non-inter-level travel time spent in this place.
 C = Inter-level travel time spent in this place.
 D = Time resting spent in this place.
 E = Time spent auto-exploring this place.
 F = Levels seen in this place.
 G = Mean time per level.
                   A        B        C        D        E       F      G
               +--------+--------+--------+--------+--------+-----+--------+
         Total |    621 |    615 |      6 |    110 |    255 |   4 |  155.2 |
       Dungeon |    121 |    121 |      0 |      0 |      0 |   2 |   60.5 |
        Temple |     73 |     67 |      6 |      0 |     46 |   1 |   73.0 |
         Sewer |    426 |    426 |      0 |    110 |    209 |   1 |  426.0 |
               +--------+--------+--------+--------+--------+-----+--------+

Top non-repeatable levels by time:
   Sewer: 426 daAuts
     D:5: 94 daAuts
  Temple: 73 daAuts
     D:4: 26 daAuts
